[Event "Titled Tuesday Blitz October 25 Late 2022"]
[White "Hansen, Eric"]
[Black "Ozates, Tuna"]
[WhiteFideId "2606771"]
[BlackFideId "6354521"]
[WhiteElo "2568"]
[BlackElo "2151"]
[Result "1-0"]
[Round "03"]
[TimeControl "180+1"]
[Date "2022.10.26"]
[WhiteClock "0:01:31"]
[BlackClock "0:01:04"]

1. d4 g6 2. e4 Bg7 3. h4 h6 4. h5 g5 5. c3 d6 6. Ne2 Nc6 7. Ng3 e6 8. Bb5 f5 9. exf5 exf5 10. d5 a6 11. dxc6 axb5 12. cxb7 Bxb7 13. Nxf5 Qf6 14. Nxg7+ Qxg7 15. O-O Ne7 16. Qb3 Bc6 17. Re1 O-O-O 18. a4 bxa4 19. Rxa4 Bxa4 20. Qxa4 Rde8 21. Be3 Nf5 22. Na3 Nxe3 23. fxe3 Qe5 24. Nb5 Qc5 25. Qa6+ Kd7 26. Nd4 Ra8 27. Qd3 Raf8 28. b4 Qe5 29. Qc4 Qg3 30. Qe6+ 1-0


[Site "https://www.chess.com"]

[Event "Titled Tuesday Blitz October 25 Late 2022"]
[White "Harish, Neeraj"]
[Black "Sanchez, Robert"]
[WhiteFideId "30958130"]
[BlackFideId "2034360"]
[WhiteElo "1815"]
[BlackElo "2392"]
[Result "0-1"]
[Round "03"]
[TimeControl "180+1"]
[Date "2022.10.26"]
[WhiteClock "0:00:01"]
[BlackClock "0:00:06"]

1. e4 c5 2. Nf3 e6 3. d4 cxd4 4. Nxd4 Qc7 5. c4 a6 6. Nc3 Nf6 7. Bd3 Nc6 8. Be3 d6 9. O-O Be7 10. Qe2 O-O 11. f3 Ne5 12. b3 Nxd3 13. Qxd3 Rd8 14. Rac1 Nd7 15. Rfd1 Nc5 16. Qe2 Qa5 17. Qb2 Qc7 18. b4 Nd7 19. Qe2 Ne5 20. Nb1 Bd7 21. f4 Nc6 22. a3 Rac8 23. Nb3 Qb8 24. Bb6 Re8 25. Nc3 Bf8 26. Be3 Rcd8 27. Qf3 Bc8 28. Na4 Ne7 29. Bb6 Rd7 30. Be3 Ng6 31. Nb6 Rdd8 32. a4 d5 33. cxd5 Bxb4 34. Nxc8 Rxc8 35. Rxc8 Qxc8 36. d6 Qd7 37. e5 Qxa4 38. Bc5 Rd8 39. d7 Bxc5+ 40. Nxc5 Qb5 41. Qc3 b6 42. g3 bxc5 43. Qf3 h6 44. Qf2 Rxd7 45. Rxd7 Qxd7 0-1


[Site "https://www.chess.com"]

[Event "Titled Tuesday Blitz October 25 Late 2022"]
[White "Haszon, David"]
[Black "Zakaryan, David"]
[WhiteFideId "733610"]
[BlackFideId "24101923"]
[WhiteElo "2211"]
[BlackElo "2409"]
[Result "0-1"]
[Round "03"]
[TimeControl "180+1"]
[Date "2022.10.26"]
[WhiteClock "0:00:11"]
[BlackClock "0:00:14"]

1. e4 c5 2. Nf3 Nc6 3. d4 cxd4 4. Nxd4 g6 5. Nc3 Bg7 6. Be3 Nf6 7. Bc4 Qa5 8. O-O O-O 9. Bb3 d6 10. h3 Bd7 11. Nd5 Rfe8 12. Nxf6+ Bxf6 13. c3 Rac8 14. f4 Nxd4 15. cxd4 Bb5 16. Rf2 Bc4 17. e5 Bg7 18. Bxc4 Rxc4 19. Qd3 Qd5 20. b3 Rc6 21. Raf1 dxe5 22. fxe5 f5 23. Qe2 Rec8 24. g4 e6 25. gxf5 exf5 26. Qf3 Qxf3 27. Rxf3 Rc2 28. R1f2 Kf7 29. Rxc2 Rxc2 30. Rf2 Rxf2 31. Kxf2 Ke6 32. Ke2 Kd5 33. Kd3 Bf8 34. a4 a6 35. Bf4 b5 36. axb5 axb5 37. Be3 Be7 38. Bh6 g5 39. Ke3 Bd8 40. Kd3 f4 41. Bg7 h5 42. Bh6 Be7 43. Bg7 g4 44. hxg4 hxg4 45. Bh6 f3 46. Ke3 Ba3 47. Kd3 g3 48. Ke3 g2 49. Kf2 Bb2 50. Be3 Ke4 51. e6 Ba3 52. d5 Bd6 53. Ba7 Bh2 54. Ke1 Bg3+ 55. Kd2 Bf4+ 56. Ke1 Bg3+ 57. Kd2 Bd6 58. Bf2 Kxd5 59. Ke3 Bc5+ 60. Kxf3 Bxf2 61. Kxf2 Kxe6 62. Kxg2 Kd5 63. Kf2 Kd4 64. Ke2 Kc3 65. Kd1 Kxb3 66. Kc1 Ka2 67. Kc2 b4 68. Kc1 b3 69. Kd2 b2 70. Kc2 b1=Q+ 71. Kc3 Qb5 0-1


[Site "https://www.chess.com"]

[Event "Titled Tuesday Blitz October 25 Late 2022"]
[White "Herman, Daniel"]
[Black "Sargsyan, Anna M."]
[WhiteFideId "30935008"]
[BlackFideId "13308130"]
[WhiteElo "1897"]
[BlackElo "2284"]
[Result "0-1"]
[Round "03"]
[TimeControl "180+1"]
[Date "2022.10.26"]
[WhiteClock "0:00:07"]
[BlackClock "0:00:34"]

1. c4 c6 2. e4 d5 3. cxd5 cxd5 4. exd5 Nf6 5. Bb5+ Nbd7 6. Nc3 g6 7. Nf3 Bg7 8. O-O O-O 9. Qb3 Nb6 10. Bc4 Bf5 11. d3 Rc8 12. Be3 Nxc4 13. dxc4 Bd3 14. Rfe1 Bxc4 15. Qxb7 Nxd5 16. Rad1 e6 17. Bd4 Bxd4 18. Nxd4 Qg5 19. Ne4 Qf4 20. Qxa7 Ra8 21. Qc5 Rfc8 22. Qd6 Rxa2 23. Qxf4 Nxf4 24. Nd6 Rc5 25. g3 Nd3 26. Re3 Nxb2 27. Rc1 Bd5 28. Rce1 Na4 29. Ne4 Rc4 30. Nf6+ Kg7 31. Nxd5 exd5 32. Rd1 Nc3 33. Rdd3 Ne4 34. Rf3 Ng5 35. Rfe3 Nh3+ 36. Kg2 Nxf2 37. Kf3 Nxd3 38. Rxd3 Rxh2 39. Nb5 Rb2 40. Nd6 Rc6 41. Rxd5 Rc3+ 42. Kg4 h5+ 43. Kh4 Rb4+ 44. Kh3 Rg4 45. Ne8+ Kf8 46. Rd8 Ke7 47. Ra8 Rcxg3+ 48. Kh2 Rb3 49. Nc7 Rc4 50. Nd5+ Ke6 0-1


[Site "https://www.chess.com"]

[Event "Titled Tuesday Blitz October 25 Late 2022"]
[White "Holt, Conrad"]
[Black "Ernst, Sipke"]
[WhiteFideId "2034387"]
[BlackFideId "1004689"]
[WhiteElo "2592"]
[BlackElo "2438"]
[Result "0-1"]
[Round "03"]
[TimeControl "180+1"]
[Date "2022.10.26"]
[WhiteClock "0:00:54"]
[BlackClock "0:01:45"]

1. d4 d5 2. c4 c6 3. Nc3 Nf6 4. e3 Bf5 5. cxd5 cxd5 6. Qb3 Nc6 7. Qxb7 Bd7 8. Qb3 Rb8 9. Qd1 e5 10. Nf3 Bd6 11. dxe5 Nxe5 12. Be2 O-O 13. O-O Nxf3+ 14. Bxf3 Qc7 15. h3 Rfd8 16. Qd3 Bh2+ 17. Kh1 Be5 18. Rd1 Ne4 19. Nxe4 dxe4 20. Qxe4 Bc6 21. Qg4 Rxd1+ 22. Bxd1 Qa5 23. Qe2 Rd8 24. Bb3 Bb5 25. Qf3 Qe1# 0-1


[Site "https://www.chess.com"]

[Event "Titled Tuesday Blitz October 25 Late 2022"]
[White "Howell, David W L"]
[Black "Lamaze, Simon"]
[WhiteFideId "410608"]
[BlackFideId "36069264"]
[WhiteElo "2567"]
[BlackElo "2272"]
[Result "1-0"]
[Round "03"]
[TimeControl "180+1"]
[Date "2022.10.26"]
[WhiteClock "0:00:36"]
[BlackClock "0:00:17"]

1. e4 c5 2. c3 Nf6 3. e5 Nd5 4. Nf3 e6 5. Bc4 Nc6 6. O-O d6 7. d4 cxd4 8. cxd4 Be7 9. exd6 Bxd6 10. Nc3 Nce7 11. Re1 O-O 12. Qd3 a6 13. Bg5 Qd7 14. Rac1 b5 15. Bxd5 Nxd5 16. Nxd5 exd5 17. Qd2 Bb7 18. Bf4 Rfe8 19. Bxd6 Qxd6 20. Ne5 f6 21. Nd3 Rxe1+ 22. Rxe1 Rc8 23. Nc5 Rc7 24. Re8+ Kf7 25. Qe3 Bc8 26. b4 Re7 27. Qxe7+ Qxe7 28. Rxe7+ Kxe7 29. h4 Kd6 30. Kh2 Kc6 31. Kg3 Kb6 32. Kf4 a5 33. a3 axb4 34. axb4 Kc6 35. g4 g6 36. g5 fxg5+ 37. Kxg5 Kd6 38. Kf6 Bf5 39. f4 Bc2 40. Ne6 Bf5 41. Nf8 1-0


[Site "https://www.chess.com"]

[Event "Titled Tuesday Blitz October 25 Late 2022"]
[White "Huber, Benedikt"]
[Black "Osiecki, Stanislaw"]
[WhiteFideId "12923583"]
[BlackFideId "1102990"]
[WhiteElo "2199"]
[BlackElo "2088"]
[Result "1-0"]
[Round "03"]
[TimeControl "180+1"]
[Date "2022.10.26"]
[WhiteClock "0:01:16"]
[BlackClock "0:00:03"]

1. d4 Nf6 2. Nc3 d5 3. Bf4 e6 4. Nb5 Na6 5. e3 Bd6 6. Nxd6+ cxd6 7. Bb5+ Bd7 8. Bxa6 bxa6 9. Bxd6 Qb6 10. Ba3 Bb5 11. Ne2 Ne4 12. O-O f6 13. Re1 Bxe2 14. Qxe2 Kf7 15. c4 dxc4 16. Qxc4 Rhc8 17. Qd3 f5 18. f3 Nf6 19. e4 Rd8 20. Rad1 e5 21. Qc4+ Ke8 22. exf5 e4 23. fxe4 Rac8 24. Qa4+ Qb5 25. Qxb5+ axb5 26. Bc5 Kf7 27. e5 Nd5 28. e6+ Kf6 29. e7 Re8 30. Re6+ Kf7 31. Rde1 Rc7 32. g4 Nf4 33. R6e3 Nd5 34. Re5 Nf4 35. R1e3 g5 36. fxg6+ hxg6 37. Rf3 g5 38. Rxg5 1-0


[Site "https://www.chess.com"]

[Event "Titled Tuesday Blitz October 25 Late 2022"]
[White "Ibarra Jerez, Jose Carlos"]
[Black "Erenberg, Ariel"]
[WhiteFideId "2226332"]
[BlackFideId "2811634"]
[WhiteElo "2627"]
[BlackElo "2416"]
[Result "1-0"]
[Round "03"]
[TimeControl "180+1"]
[Date "2022.10.26"]
[WhiteClock "0:00:11"]
[BlackClock "0:00:02"]

1. e4 e5 2. Nf3 Nc6 3. d4 exd4 4. Nxd4 Nf6 5. Nxc6 bxc6 6. e5 Qe7 7. Qe2 Nd5 8. Nd2 g6 9. c4 Ba6 10. Nf3 Bg7 11. Bg5 Qb4+ 12. Qd2 Qxd2+ 13. Bxd2 Nb6 14. b3 d6 15. O-O-O dxe5 16. Nxe5 c5 17. Nd3 Bd4 18. Re1+ Kf8 19. Bh6+ Kg8 20. Re7 Rc8 21. g3 Bb7 22. Bh3 Rd8 23. Rhe1 f5 24. Rxc7 Rd7 25. Re7 Rxc7 26. Rxc7 Be4 27. Nxc5 Bxc5 28. Rxc5 Kf7 29. Rc7+ Ke6 30. Rxa7 Nd7 31. Bg7 Rc8 32. Bd4 Rc6 33. Kd2 Rd6 34. Kc3 Nb8 35. Rxh7 Nc6 36. Be3 Rd3+ 37. Kb2 Nb4 38. a3 Nc6 39. b4 Ne5 40. Rc7 Rd1 41. b5 Nd3+ 42. Kc3 Ra1 43. Ra7 Ra2 44. Ra6+ Ke7 45. Bf1 Ne5 46. c5 Rc2+ 47. Kb4 1-0


[Site "https://www.chess.com"]

[Event "Titled Tuesday Blitz October 25 Late 2022"]
[White "Iliaguev, Nisim"]
[Black "Manukyan, Artyom"]
[WhiteFideId "2817276"]
[BlackFideId "13305786"]
[WhiteElo "2264"]
[BlackElo "2078"]
[Result "1-0"]
[Round "03"]
[TimeControl "180+1"]
[Date "2022.10.26"]
[WhiteClock "0:00:16"]
[BlackClock "0:00:02"]

1. d4 d5 2. Nf3 Nf6 3. g3 e6 4. Bg2 Be7 5. O-O O-O 6. c4 dxc4 7. Ne5 Nc6 8. Nxc6 bxc6 9. Na3 Bxa3 10. bxa3 Ba6 11. a4 Rb8 12. Ba3 Re8 13. Qd2 Qc8 14. Rfc1 Nd5 15. Qa5 Rb6 16. e4 Nf6 17. Bc5 Rd8 18. Bxb6 cxb6 19. Qc3 Qd7 20. Rd1 h6 21. f3 Qe7 22. Bf1 b5 23. Qa5 Bb7 24. axb5 cxb5 25. Qxb5 c3 26. Rac1 Rc8 27. Qb3 Qc7 28. Rd3 c2 29. Rd2 Qd7 30. Rcxc2 Rxc2 31. Qxc2 h5 32. a4 h4 33. Bb5 Qd8 34. Kg2 a6 35. Bc6 Bc8 36. e5 Nd5 37. Bxd5 exd5 38. g4 Be6 39. h3 Qg5 40. Qd3 a5 41. Re2 Qe7 42. f4 g6 43. Rf2 Bd7 44. Qe3 Bxa4 45. f5 Bb5 46. fxg6 fxg6 47. Rf6 Be8 48. Qf3 Bf7 49. e6 Be8 50. g5 Qd6 51. Qf4 Qa3 52. Qe5 Qb2+ 53. Rf2 Qb5 54. Qf6 Qb4 55. e7 1-0


[Site "https://www.chess.com"]

[Event "Titled Tuesday Blitz October 25 Late 2022"]
[White "Ismayil, Malak"]
[Black "Yi, Richard"]
[WhiteFideId "13412604"]
[BlackFideId "2079518"]
[WhiteElo "1879"]
[BlackElo "2147"]
[Result "1-0"]
[Round "03"]
[TimeControl "180+1"]
[Date "2022.10.26"]
[WhiteClock "0:00:06"]
[BlackClock "0:00:02"]

1. e4 e5 2. Nf3 Nc6 3. Bc4 Bc5 4. d3 Nf6 5. O-O d6 6. h3 O-O 7. Nc3 h6 8. Be3 Nd4 9. Bxd4 Bxd4 10. Nxd4 exd4 11. Ne2 c5 12. c3 Qb6 13. cxd4 Qxb2 14. Rb1 Qa3 15. e5 Ne8 16. f4 cxd4 17. Ng3 dxe5 18. fxe5 Qe7 19. Qh5 Be6 20. Nf5 Qc5 21. Bxe6 fxe6 22. Ng3 Rxf1+ 23. Rxf1 Qe7 24. Qg4 Rd8 25. Ne4 Nc7 26. Nf6+ Kh8 27. Qg6 gxf6 28. Qxh6+ Kg8 29. exf6 Qf7 30. Rf4 Qh7 31. Rg4+ Kh8 32. Qf4 Nd5 33. Qe5 Qf5 34. Rh4+ Kg8 35. Qg3+ Kf7 36. Qg7+ Ke8 37. Rh8# 1-0


[Site "https://www.chess.com"]

[Event "Titled Tuesday Blitz October 25 Late 2022"]
[White "Jaferian, Koosha"]
[Black "Sztokbant, Bernardo Vainzoff"]
[WhiteFideId "12507440"]
[BlackFideId "2115956"]
[WhiteElo "2127"]
[BlackElo "2171"]
[Result "0-1"]
[Round "03"]
[TimeControl "180+1"]
[Date "2022.10.26"]
[WhiteClock "0:00:04"]
[BlackClock "0:00:03"]

1. Nf3 c5 2. b3 Nf6 3. Bb2 Nc6 4. e3 d6 5. d4 cxd4 6. Nxd4 Bd7 7. c4 g6 8. g3 Bg7 9. Bg2 O-O 10. O-O Rc8 11. Nc3 Nxd4 12. Qxd4 Bc6 13. Qxa7 Bxg2 14. Kxg2 Qc7 15. Qd4 Qc6+ 16. Kg1 h5 17. Nd5 Rfe8 18. h4 b5 19. Qd2 Ne4 20. Qe2 bxc4 21. Bxg7 Kxg7 22. bxc4 Qxc4 23. Qb2+ Kh7 24. Nb6 Qc2 25. Qd4 Nd2 26. Qf4 f6 27. Nxc8 Nxf1 28. Nxd6 Nxg3 29. Qxg3 exd6 30. Qxd6 Qf5 31. Rc1 Qg4+ 32. Qg3 Ra8 33. Qxg4 hxg4 34. Rc2 Kh6 35. Kg2 Kh5 36. Kg3 Rb8 37. Rc5+ f5 38. Rc1 Ra8 39. Ra1 Ra3 40. Rb1 Rxa2 41. Rb8 Kh6 42. Rh8+ Kg7 43. Rb8 Ra1 44. Rb7+ Kh6 45. Kg2 Ra2 46. Re7 Ra3 47. Kg3 Ra1 48. Kf4 Rf1 49. Kg3 Rg1+ 50. Kf4 Rg2 51. f3 Rf2 52. Ke5 Rxf3 53. Kf6 g3 54. Re8 Kh5 55. Rh8+ Kg4 56. Kxg6 g2 57. Rg8 Rg3 58. Kf6+ Kf3 59. Rxg3+ Kxg3 60. Kxf5 g1=Q 61. e4 Qc5+ 62. e5 Kxh4 63. Ke6 Kg5 64. Kf7 Qxe5 65. Kf8 Qc7 0-1


[Site "https://www.chess.com"]

[Event "Titled Tuesday Blitz October 25 Late 2022"]
[White "Jensen, Matthew R"]
[Black "Storey, Charles H"]
[WhiteFideId "2018110"]
[BlackFideId "406686"]
[WhiteElo "2291"]
[BlackElo "2252"]
[Result "0-1"]
[Round "03"]
[TimeControl "180+1"]
[Date "2022.10.26"]
[WhiteClock "0:00:43"]
[BlackClock "0:00:17"]

1. d4 g6 2. Bf4 Bg7 3. c3 d6 4. e3 Nf6 5. h3 O-O 6. Nf3 b6 7. Be2 Bb7 8. O-O Nbd7 9. Nbd2 Re8 10. Bh2 e5 11. Qc2 e4 12. Ne1 Qe7 13. c4 h5 14. a4 Nh7 15. a5 Ng5 16. a6 Bc8 17. Ra3 c5 18. dxc5 dxc5 19. f4 Nh7 20. g4 hxg4 21. hxg4 Nb8 22. Ng2 Nxa6 23. f5 Nb4 24. Qb1 Ng5 25. fxg6 fxg6 26. Nf4 Kh7 27. Qe1 Ne6 28. Qg3 Bb7 29. Qh3+ Bh6 30. Nd5 Nxd5 31. Nxe4 Ng5 32. Nxg5+ Qxg5 33. Rf7+ Kg8 34. Rxb7 Rxe3 35. Rxe3 Qxe3+ 36. Qxe3 Bxe3+ 37. Kg2 Nf4+ 38. Bxf4 Bxf4 39. Bf3 Rd8 40. Bd5+ Kh8 41. Rxa7 b5 42. Rb7 b4 43. Rb6 g5 44. Rh6+ Kg7 45. Re6 Rd7 46. Rc6 Be3 47. Kf3 Bd4 48. Ke4 Re7+ 49. Re6 Rxe6+ 50. Bxe6 Bxb2 51. Kd3 Kf6 52. Bd5 Ke5 53. Kc2 Bd4 54. Kb3 Be3 55. Bf7 Kf4 56. Be6 Bd4 57. Bd7 Be5 58. Bc8 Ke4 59. Bd7 Kd3 60. Bc8 Ke3 61. Bd7 Kd2 62. Bc8 Ke3 63. Bd7 Kd4 64. Bc8 Bf4 65. Bd7 Bd2 66. Bc8 Ke5 67. Bd7 Kd6 68. Bc8 Kc7 69. Bd7 Kxd7 70. Kc2 Bf4 71. Kd3 Kd6 72. Kc2 Ke5 73. Kb3 Kd4 74. Ka4 Kxc4 75. Ka5 b3 76. Ka6 b2 77. Ka7 b1=Q 78. Ka8 Qb8# 0-1


[Site "https://www.chess.com"]

[Event "Titled Tuesday Blitz October 25 Late 2022"]
[White "Jimenez Almeida, Luis David"]
[Black "Stanisz, Patryk"]
[WhiteFideId "22242244"]
[BlackFideId "1123106"]
[WhiteElo "2158"]
[BlackElo "2069"]
[Result "1-0"]
[Round "03"]
[TimeControl "180+1"]
[Date "2022.10.26"]
[WhiteClock "0:02:15"]
[BlackClock "0:00:08"]

1. e4 c5 2. Nc3 Nc6 3. g3 g6 4. Bg2 Bg7 5. d3 Rb8 6. Be3 d6 7. a4 a6 8. Qd2 b5 9. Nge2 b4 10. Nd1 e6 11. O-O Nge7 12. f4 O-O 13. d4 cxd4 14. Nxd4 Nxd4 15. Bxd4 Bxd4+ 16. Qxd4 Qb6 17. Qxb6 Rxb6 18. Ne3 Bd7 19. Rfd1 Rc8 20. b3 Rc3 21. Kf2 Rbc6 22. Rd2 Bc8 23. Rad1 a5 24. Rxd6 Ba6 25. e5 Rxd6 26. exd6 Nf5 27. Nxf5 Rxc2+ 28. Kg1 1-0


[Site "https://www.chess.com"]

[Event "Titled Tuesday Blitz October 25 Late 2022"]
[White "Joubert, Dantelle"]
[Black "Mickiewicz, Piotr"]
[WhiteFideId "14310813"]
[BlackFideId "1114891"]
[WhiteElo "1507"]
[BlackElo "2246"]
[Result "0-1"]
[Round "03"]
[TimeControl "180+1"]
[Date "2022.10.26"]
[WhiteClock "0:00:57"]
[BlackClock "0:01:10"]

1. d4 Nf6 2. c4 e6 3. Nf3 d5 4. Nc3 c6 5. e3 Nbd7 6. Be2 dxc4 7. a4 Bd6 8. O-O Qe7 9. Bxc4 e5 10. e4 O-O 11. Re1 a5 12. h3 exd4 13. Nxd4 Ne5 14. Bf1 Bc5 15. Nb3 Bb6 16. Be3 Bxe3 17. Rxe3 Rd8 18. Qc2 Be6 19. Nd2 g5 20. Rg3 h6 21. f4 Nh5 22. Rxg5+ hxg5 23. fxe5 Qc5+ 24. Kh2 Qxe5+ 25. Kg1 Qd4+ 26. Kh2 Qxd2 0-1


[Site "https://www.chess.com"]

[Event "Titled Tuesday Blitz October 25 Late 2022"]
[White "Kalogeris, Ioannis"]
[Black "Goncalves, Davi Sulzbacher"]
[WhiteFideId "4239563"]
[BlackFideId "2154510"]
[WhiteElo "2312"]
[BlackElo "2182"]
[Result "0-1"]
[Round "03"]
[TimeControl "180+1"]
[Date "2022.10.26"]
[WhiteClock "0:00:05"]
[BlackClock "0:00:21"]

1. e4 c6 2. d4 d6 3. a4 g6 4. Nf3 Nd7 5. Bc4 Bg7 6. a5 Ngf6 7. Qe2 O-O 8. e5 dxe5 9. dxe5 Nd5 10. O-O e6 11. Nbd2 Qc7 12. Re1 b6 13. Nb3 b5 14. Bxd5 cxd5 15. a6 Nb6 16. Nbd4 Bd7 17. c3 Qc4 18. Bg5 Qxe2 19. Rxe2 Rfc8 20. Be7 Nc4 21. b3 Nb6 22. Bb4 Bf8 23. Bxf8 Kxf8 24. Re3 Rc7 25. Kf1 Rac8 26. Ne2 b4 27. cxb4 Bb5 28. Ke1 Bxe2 29. Kxe2 Rc2+ 30. Nd2 Rb2 31. Ra5 Rcc2 32. Rd3 Nd7 33. Rb5 Nxe5 34. Rd4 Nc6 35. Rd3 Ne5 36. Rd4 Rxb3 37. Rb8+ Kg7 38. Kd1 Rbb2 39. Rb7 Nc6 40. Rd3 Nxb4 41. Rd4 Nc6 42. Rd3 e5 43. Rxd5 Nd4 44. Rxb2 Rxb2 45. Nc4 Rxf2 46. Rd7 Nc6 47. Rc7 Nb4 48. Rxa7 e4 49. Nd6 e3 50. Ke1 Nd3+ 51. Kd1 Rd2# 0-1


[Site "https://www.chess.com"]

[Event "Titled Tuesday Blitz October 25 Late 2022"]
[White "Kamsky, Gata"]
[Black "Machidon, Cristi"]
[WhiteFideId "2000024"]
[BlackFideId "13904590"]
[WhiteElo "2666"]
[BlackElo "2312"]
[Result "1-0"]
[Round "03"]
[TimeControl "180+1"]
[Date "2022.10.26"]
[WhiteClock "0:00:14"]
[BlackClock "0:00:12"]

1. e4 c6 2. Nf3 d5 3. d3 dxe4 4. dxe4 Qxd1+ 5. Kxd1 Bg4 6. Be2 Nf6 7. Nfd2 Bxe2+ 8. Kxe2 Nbd7 9. a4 e6 10. f3 g5 11. Nc4 g4 12. Nbd2 Rg8 13. f4 Nc5 14. e5 Nd5 15. Rf1 Nb4 16. c3 Nbd3 17. b4 Nxc1+ 18. Rfxc1 Nd7 19. Ne4 Rb8 20. g3 Be7 21. Rd1 Nb6 22. Ncd6+ Kf8 23. c4 h5 24. a5 Nc8 25. c5 h4 26. Nxc8 Rxc8 27. Rd7 Rb8 28. Nd6 Rh8 29. Rf1 hxg3 30. hxg3 Rh2+ 31. Rf2 Rh1 32. f5 Rb1 33. fxe6 Rb2+ 34. Kf1 Rxf2+ 35. Kxf2 fxe6 36. Ke3 b6 37. Rxa7 bxc5 38. bxc5 Rb3+ 39. Kf2 Rc3 40. Ra8+ Kg7 41. Re8 Bg5 42. Ne4 Be3+ 43. Ke2 Ra3 44. Rxe6 Bd4 45. Rxc6 Bxe5 46. a6 Bxg3 47. Nxg3 Rxg3 48. Rb6 Ra3 49. c6 Ra2+ 50. Kf1 1-0


[Site "https://www.chess.com"]

[Event "Titled Tuesday Blitz October 25 Late 2022"]
[White "Karacsonyi, Gellert"]
[Black "Aghasiyev, Kamal"]
[WhiteFideId "764620"]
[BlackFideId "13402854"]
[WhiteElo "2308"]
[BlackElo "2341"]
[Result "1-0"]
[Round "03"]
[TimeControl "180+1"]
[Date "2022.10.26"]
[WhiteClock "0:00:54"]
[BlackClock "0:00:06"]

1. e4 e5 2. Nf3 Nc6 3. Bb5 a6 4. Bxc6 dxc6 5. O-O f6 6. d4 exd4 7. Nxd4 c5 8. Nb3 Qxd1 9. Rxd1 Bd7 10. Bf4 O-O-O 11. Nc3 Be6 12. Rxd8+ Kxd8 13. Rd1+ Kc8 14. Nd5 Bxd5 15. Rxd5 b6 16. Nc1 Ne7 17. Rd2 g5 18. Bg3 Bg7 19. c3 f5 20. f3 Re8 21. exf5 Nxf5 22. Bf2 Nd6 23. Re2 Rxe2 24. Nxe2 a5 25. Be3 h6 26. a4 Kd7 27. Kf2 Nc4 28. b3 Nxe3 29. Kxe3 c6 30. c4 Ke6 31. Ke4 Be5 32. h3 Bf6 33. f4 gxf4 34. Nxf4+ Kd6 35. g4 b5 36. Kf5 Bg5 37. Ne2 Be3 38. Ng3 b4 39. Ne4+ Ke7 40. h4 Bg1 41. h5 Be3 42. g5 hxg5 43. Nxg5 Bd4 44. Ne6 Kf7 45. Nd8+ Kg7 46. Nxc6 Kh6 47. Nxd4 cxd4 48. Ke4 1-0


[Site "https://www.chess.com"]

[Event "Titled Tuesday Blitz October 25 Late 2022"]
[White "Karas, Marek"]
[Black "Xiong, Jeffery"]
[WhiteFideId "14928558"]
[BlackFideId "2047640"]
[WhiteElo "2220"]
[BlackElo "2725"]
[Result "0-1"]
[Round "03"]
[TimeControl "180+1"]
[Date "2022.10.26"]
[WhiteClock "0:00:07"]
[BlackClock "0:02:19"]

1. d4 Nf6 2. Nf3 d5 3. c4 e6 4. Nc3 c6 5. g3 dxc4 6. Bg2 Nbd7 7. O-O b5 8. e4 Bb7 9. e5 Nd5 10. Ng5 h6 11. Nxe6 fxe6 12. Qh5+ Ke7 13. Ne4 Qe8 14. Bg5+ hxg5 15. Qxh8 Kd8 16. Nxg5 Kc7 17. Qh3 Kb6 18. Nxe6 a5 19. f4 Nb4 20. a4 Nc2 21. axb5 Nxa1 22. bxc6 Bxc6 23. Bxc6 Kxc6 24. d5+ Kb6 25. Rxa1 Bc5+ 26. Nxc5 Nxc5 27. Qg4 Qd7 28. Qf3 Qb5 29. Qe2 c3 30. Qxb5+ Kxb5 31. bxc3 a4 32. d6 a3 33. f5 a2 34. e6 Kc6 35. Kf2 Nb3 36. Rxa2 Rxa2+ 37. Ke3 Kxd6 38. Kf4 Rxh2 0-1


[Site "https://www.chess.com"]

[Event "Titled Tuesday Blitz October 25 Late 2022"]
[White "Khater, Sherif"]
[Black "Wieczorek, Zbigniew"]
[WhiteFideId "2034280"]
[BlackFideId "1102001"]
[WhiteElo "2587"]
[BlackElo "2349"]
[Result "0-1"]
[Round "03"]
[TimeControl "180+1"]
[Date "2022.10.26"]
[WhiteClock "0:01:28"]
[BlackClock "0:00:29"]

1. Nf3 g6 2. g3 Bg7 3. Bg2 d5 4. d3 c6 5. O-O Nf6 6. c4 O-O 7. Qc2 dxc4 8. dxc4 Bf5 9. Qb3 Qb6 10. Qxb6 axb6 11. Nc3 Ne4 12. Nxe4 Bxe4 13. Rd1 Na6 14. Ne1 Bxg2 15. Kxg2 Nc5 16. Nd3 Nb3 17. Rb1 Rxa2 18. Nb4 Ra4 19. Nd3 Rxc4 20. Be3 b5 21. f4 Rc2 22. Kf3 c5 23. Ne5 Bxe5 24. fxe5 Kg7 25. Rd7 Re8 26. Rxb7 b4 27. h4 h6 28. g4 Rc4 29. Rd1 Nd4+ 30. Bxd4 cxd4 31. Rd3 g5 32. hxg5 hxg5 33. b3 Rc5 34. Ke4 Rc2 35. Kf3 Rc5 36. Rxd4 Rxe5 37. Rbxb4 Rc8 38. Re4 Rc3+ 39. e3 Rxe4 40. Kxe4 Kf6 41. Rb6+ e6 42. Rb5 Rc1 43. Rb8 Rg1 44. Kf3 Rf1+ 45. Ke2 Rg1 46. Kf3 Rf1+ 47. Ke2 Rg1 48. Rb4 Ke5 49. Rc4 f5 50. gxf5 exf5 51. b4 Rb1 52. Kd3 g4 53. Rc5+ Kf6 54. b5 g3 55. Rc2 Kg5 56. Kc4 Kg4 57. Kd4 Rxb5 58. Rc8 g2 59. e4 g1=Q+ 0-1


[Site "https://www.chess.com"]

[Event "Titled Tuesday Blitz October 25 Late 2022"]
[White "Kopacz, Grzegorz"]
[Black "Culum, Sanjin"]
[WhiteFideId "1109880"]
[BlackFideId "14420937"]
[WhiteElo "2037"]
[BlackElo "2180"]
[Result "1-0"]
[Round "03"]
[TimeControl "180+1"]
[Date "2022.10.26"]
[WhiteClock "0:00:13"]
[BlackClock "0:00:08"]

1. c4 c5 2. Nc3 Nc6 3. g3 g6 4. Bg2 Bg7 5. Nf3 e6 6. e3 Nge7 7. O-O O-O 8. d4 cxd4 9. Nxd4 Nxd4 10. exd4 d5 11. cxd5 exd5 12. Bg5 h6 13. Bxe7 Qxe7 14. Nxd5 Qd6 15. Re1 Kh8 16. Rc1 Bd7 17. Nc3 Bxd4 18. Ne2 Be5 19. Qxd6 Bxd6 20. Red1 Ba4 21. Rxd6 Rfe8 22. Nc3 Rac8 23. Bxb7 Rc7 24. Bf3 Bd7 25. Rcd1 Bh3 26. Rd8 Re7 27. Rxe8+ Rxe8 28. Bg2 Be6 29. Bd5 Bh3 30. Bxf7 Rb8 31. b3 Kg7 32. Bc4 Rc8 33. Nd5 Re8 34. Nf4 Bg4 35. Rc1 g5 36. Ng2 Bf3 37. Ne3 Rd8 38. Re1 Rd2 39. a4 Rb2 40. Nf1 h5 41. h4 gxh4 42. gxh4 Kf6 43. Ng3 Bg4 44. Be2 Bxe2 45. Rxe2 Rb1+ 46. Kg2 Rxb3 47. Re4 Kg6 48. Re5 Rb4 49. Rg5+ Kf6 50. Rxh5 Kf7 51. Ra5 Rxh4 52. Rxa7+ Ke6 53. a5 Kd5 54. a6 Kc6 55. Ra8 Kb6 56. Kf3 Rh6 57. Ne4 Re6 58. Ke3 Re7 59. f3 Rh7 60. f4 Rh3+ 61. Kd4 Rh1 62. Ke5 Rd1 63. f5 Rd8 64. Rxd8 1-0


[Site "https://www.chess.com"]

[Event "Titled Tuesday Blitz October 25 Late 2022"]
[White "Korchmar, Vasiliy"]
[Black "Bortnyk, Olexandr"]
[WhiteFideId "24131750"]
[BlackFideId "14120828"]
[WhiteElo "2370"]
[BlackElo "2723"]
[Result "0-1"]
[Round "03"]
[TimeControl "180+1"]
[Date "2022.10.26"]
[WhiteClock "0:00:05"]
[BlackClock "0:01:28"]

1. e4 Nf6 2. e5 Nd5 3. d4 d6 4. Nf3 dxe5 5. Nxe5 c6 6. Bd3 Nd7 7. Nf3 N7f6 8. h3 Nb4 9. Be2 Bf5 10. Na3 e6 11. O-O Be7 12. c3 Nbd5 13. Nc4 O-O 14. a4 Qc7 15. Re1 c5 16. a5 Rfd8 17. Qb3 h6 18. Bd2 Ne4 19. Bf1 Rab8 20. Be3 b5 21. axb6 Nxb6 22. Qa2 Nd5 23. Qxa7 Rb7 24. Qa5 Nxe3 25. Rxe3 Qxa5 26. Rxa5 cxd4 27. Nxd4 Bg6 28. Ne5 Nd2 29. Nxg6 fxg6 30. Nxe6 Rd6 31. b4 Nxf1 32. Kxf1 Rb8 33. Ra7 Bf6 34. Nc5 Rd1+ 35. Ke2 Rbd8 36. Ne4 Be5 37. b5 Rb1 38. Rb7 Rb2+ 39. Ke1 Ra8 40. Rd3 Raa2 0-1


[Site "https://www.chess.com"]

[Event "Titled Tuesday Blitz October 25 Late 2022"]
[White "Kravtsiv, Martyn"]
[Black "Manukian, Artak"]
[WhiteFideId "14113147"]
[BlackFideId "13301373"]
[WhiteElo "2694"]
[BlackElo "2491"]
[Result "1-0"]
[Round "03"]
[TimeControl "180+1"]
[Date "2022.10.26"]
[WhiteClock "0:01:55"]
[BlackClock "0:01:16"]

1. e4 c6 2. Nf3 d5 3. d3 Qc7 4. Nc3 Nf6 5. e5 Nfd7 6. d4 e6 7. Bd3 b5 8. Ng5 Be7 9. Qh5 g6 10. Qf3 Bxg5 11. Bxg5 O-O 12. Bh6 b4 13. Na4 Ba6 14. Bxf8 Kxf8 15. a3 Bxd3 16. Qxd3 a5 17. O-O Kg7 18. h3 Na6 19. axb4 Nxb4 20. Qd2 c5 21. c3 Nc6 22. Nxc5 Nxc5 23. dxc5 Qxe5 24. b4 axb4 25. Rxa8 bxc3 26. Qe3 d4 27. Qxe5+ Nxe5 28. f4 Nd3 29. c6 1-0


[Site "https://www.chess.com"]